 Dungeon Crawl Stone Soup version 0.23.1 (webtiles) character file.

Game seed: 0

192678 esteth the Thaumaturge (level 18, 0/140 HPs)
             Began as a Gnoll Wizard on Mar 16, 2019.
             Was the Champion of Ashenzari.
             Killed from afar by Asterion (43 damage)
             ... with an iron shot
             ... on level 4 of the Snake Pit on Mar 17, 2019.
             The game lasted 02:23:29 (41749 turns).

esteth the Thaumaturge (Gnoll Wizard)              Turns: 41749, Time: 02:23:30

Health: 0/140      AC: 18    Str: 10    XL:     18   Next: 24%
Magic:  0/35       EV: 19    Int: 36    God:    Ashenzari [******]
Gold:   2122       SH: 10    Dex: 15    Spells: 12/44 levels left

rFire    . . .     SeeInvis +   l - +9 double sword (vamp) (curse)
rCold    . . .     Gourm    .   D - +3 buckler
rNeg     . . .     Faith    .   y - +1 acid dragon scales
rPois    +         Spirit   .   F - +2 hat
rElec    .         Reflect  .   Z - scarf {cloud immunity}
rCorr    +         Harm     .   g - +1 pair of gloves
MR       ++...     Clarity  +   r - +2 pair of boots
Stlth    +++++++...             (no amulet)
HPRegen  0.33/turn              I - ring of Deno {rPois MR+ Int+3 Stlth+} (curse)
MPRegen  0.24/turn              N - ring "Daim" {Int+6 Stlth+} (curse)

@: very slightly contaminated
A: distributed training, fangs 1, strong nose
}: 1/15 runes: decaying
a: Curse Item, Scrying, Renounce Religion


You were on level 4 of the Snake Pit.
You worshipped Ashenzari.
Ashenzari was exalted by your worship.
You were not hungry.

You visited 5 branches of the dungeon, and saw 30 of its levels.

You collected 2871 gold pieces.
You spent 749 gold pieces at shops.

Inventory:

Hand Weapons
 l - a cursed +9 vampiric double sword (weapon)
Missiles
 U - 490 stones (quivered)
Armour
 g - a +1 pair of gloves (worn)
 r - a +2 pair of boots (worn)
 y - +1 acid dragon scales (worn)
 D - a +3 buckler (worn)
 F - a +2 hat (worn)
 Z - a scarf of cloud immunity (worn)
Magical Staves
 b - an uncursed staff of wizardry
Jewellery
 a - the ring "Jeczuunna" {rElec Dex+4 Stlth+}
   (You found it on level 6 of the Lair of Beasts)

   [ring of stealth]

   It affects your dexterity (+4).
   It insulates you from electricity.
   It makes you more stealthy.
 j - an uncursed ring of magical power
 v - an uncursed ring of protection from fire
 I - the cursed ring of Deno (left hand) {rPois MR+ Int+3 Stlth+}
   (You took it off a centaur on level 8 of the Dungeon)

   [ring of intelligence]

   It affects your intelligence (+3).
   It protects you from poison.
   It affects your resistance to hostile enchantments.
   It makes you more stealthy.
   It has a curse placed upon it.
 J - an uncursed ring of wizardry
 L - the amulet of Attitude {Spirit Int+4 SInv}
   (You took it off an orc wizard on level 8 of the Dungeon)

   [amulet of guardian spirit]

   It causes incoming damage to be split between your health and magic.
   It affects your intelligence (+4).
   It lets you see invisible.
 N - the cursed ring "Daim" (right hand) {Int+6 Stlth+}
   (You found it on level 8 of the Dungeon)

   [ring of stealth]

   It affects your intelligence (+6).
   It makes you more stealthy.
   It has a curse placed upon it.
 O - an uncursed ring of ice
 R - an uncursed ring of protection from cold
Wands
 h - a wand of random effects (31)
 n - a wand of paralysis (17)
 o - a wand of flame (57)
 A - a wand of scattershot (4)
 G - a wand of acid (20)
 T - a wand of polymorph (38)
 V - a wand of iceblast (9)
Scrolls
 e - a scroll of silence
 k - a scroll of holy word
 q - 5 scrolls of identify
 s - 11 scrolls of teleportation
 t - 2 scrolls of enchant weapon
 u - 14 scrolls of remove curse
 w - 3 scrolls of magic mapping
 K - 4 scrolls of fear
 M - 4 scrolls of fog
 Q - 3 scrolls of blinking
 S - 4 scrolls of amnesia
 X - 2 scrolls of summoning
 Y - 2 scrolls of enchant armour
Potions
 c - 3 potions of magic
 f - 2 potions of might
 i - 6 potions of flight
 m - 3 potions of invisibility
 x - a potion of cancellation {unknown}
 z - 3 potions of agility
 B - 16 potions of curing
 C - 4 potions of resistance
 E - 10 potions of mutation
 H - 2 potions of ambrosia
 W - 3 potions of brilliance {unknown}
Comestibles
 d - 38 rations


   Skills:
 + Level 11.8 Fighting
 + Level 11.8 Short Blades
 + Level 11.8(16.0) Long Blades
 + Level 11.8 Axes
 + Level 11.8 Maces & Flails
 + Level 11.8 Polearms
 + Level 11.8 Staves
 + Level 11.8 Slings
 + Level 11.8 Bows
 + Level 11.8 Crossbows
 + Level 11.8 Throwing
 + Level 11.8 Armour
 + Level 12.6 Dodging
 + Level 12.5 Stealth
 + Level 11.8 Shields
 + Level 11.8 Unarmed Combat
 + Level 13.5 Spellcasting
 + Level 10.4(13.2) Conjurations
 + Level 10.1(12.9) Hexes
 + Level 10.1(12.9) Charms
 + Level 10.4(13.2) Summonings
 + Level 10.1(12.9) Necromancy
 + Level 10.4(13.2) Translocations
 + Level 10.1(12.9) Transmutations
 + Level 10.1(12.9) Fire Magic
 + Level 10.1(12.9) Ice Magic
 + Level 10.1(12.9) Air Magic
 + Level 10.1(12.9) Earth Magic
 + Level 10.1(12.9) Poison Magic
 + Level 12.8 Invocations
 + Level 11.8(14.5) Evocations


You had 12 spell levels left.
You knew the following spells:

 Your Spells              Type           Power        Failure   Level  Hunger
a - Magic Dart            Conj           ####         0%          1    None
b - Call Imp              Summ           #######.     0%          2    None
c - Blink                 Tloc           N/A          0%          2    None
d - Mephitic Cloud        Conj/Pois/Air  #######.     1%          3    None
e - Conjure Flame         Conj/Fire      #######.     1%          3    None
f - Sandblast             Erth           ######       0%          1    None
g - Lee's Rapid Deconstr  Erth           #######...   1%          5    None
h - Throw Icicle          Conj/Ice       #######.     1%          4    None
i - Freezing Cloud        Conj/Ice/Air   #######...   1%          6    ###....
j - Summon Mana Viper     Hex/Summ       #######.     1%          5    None

Your spell library contained the following spells:

 Spells                   Type           Power        Failure   Level  Hunger
 Animate Skeleton         Necr           N/A          0%          1    None
 Apportation              Tloc           ######       0%          1    None
 Confusing Touch          Hex            ######       0%          1    None
 Corona                   Hex            #######      0%          1    None
 Infusion                 Chrm           ####         0%          1    None
 Summon Butterflies       Summ           #######.     0%          1    None
 Summon Small Mammal      Summ           ####         0%          1    None
 Passwall                 Tmut/Erth      #######.     0%          2    None
 Poisonous Vapours        Pois/Air       ######       0%          2    None
 Shroud of Golubria       Chrm/Tloc      #######...   0%          2    None
 Slow                     Hex            #######.     0%          2    None
 Song of Slaying          Chrm           #######.     0%          2    None
 Call Canine Familiar     Summ           #######.     1%          3    None
 Inner Flame              Hex/Fire       #######.     1%          3    None
 Portal Projectile        Hex/Tloc       ######       1%          3    None
 Regeneration             Chrm/Necr      #######...   1%          3    None
 Spectral Weapon          Hex/Chrm       #######.     1%          3    None
 Stone Arrow              Conj/Erth      ######       1%          3    None
 Cause Fear               Hex            #######...   1%          4    None
 Leda's Liquefaction      Hex/Erth       #######...   1%          4    None
 Petrify                  Tmut/Erth      #######.     1%          4    None
 Summon Ice Beast         Ice/Summ       #######.     1%          4    None
 Bolt of Magma            Conj/Fire/Erth #######...   1%          5    None
 Iskenderun's Battlesphe  Conj/Chrm      #######.     1%          5    None
 Venom Bolt               Conj/Pois      #######...   1%          5    None
 Bolt of Cold             Conj/Ice       #######...   1%          6    ###....
 Iron Shot                Conj/Erth      #######...   1%          6    ###....
 Ozocubu's Refrigeration  Ice            #######...   1%          6    ###....
 Orb of Destruction       Conj           #######...   9%          7    #####..
 Spellforged Servitor     Conj/Summ      #######...   9%          7    #####..
 Summon Hydra             Summ           #######...   9%          7    #####..
 Ring of Flames           Chrm/Fire      #######...   10%         7    #####..


Dungeon Overview and Level Annotations

Branches:
Dungeon (15/15)            Temple (1/1) D:6            Lair (6/6) D:10
  Swamp (4/4) Lair:3        Snake (4/4) Lair:2        Slime (0/5) Lair:5
    Orc (0/2) D:10         Vaults (0/5) D:13         Depths (0/5) D:15

Altars:
Ashenzari
Cheibriados
Dithmenos
Elyvilon
Fedhas
Gozag
Hepliaklqana
Kikubaaqudgha
Makhleb
Nemelex Xobeh
Okawaru
Qazlal
Ru
Sif Muna
Trog
Uskayaw
Vehumet
Wu Jian
Xom
Yredelemnul
Zin
The Shining One
Jiyva

Shops:
D:5 [*(!:   D:8 !   D:10 [   D:13 %

Annotations:
D:14 2 transporters, ohad's ghost, novice OpTm
Lair:1 3 runed translucent doors, Nattep's ghost, journeyman GnFi
Lair:3 1 runed translucent door, exclusion: 3 oklob plants, aaeveom's ghost, journeyman MiBe
Swamp:1 exclusion: Roxanne, Roxanne
Snake:4 Asterion


Innate Abilities, Weirdness & Mutations

Your experience applies equally to all skills.
You have very sharp teeth.
Your uncanny sense of smell can sniff out nearby items.


Message History

* * * LOW HITPOINT WARNING * * *
Asterion freezes you!
* * * LOW HITPOINT WARNING * * *
You feel much better. Asterion closely misses you.
You flicker back into view.
Asterion hits you but does no damage.
Asterion conjures a destructive force in the name of Makhleb!
The iron shot misses you.
Casting: Freezing Cloud (safe; 1% risk of failure)
Confirm with . or Enter, or press ? or * to list all spells.
You don't know that spell.
Casting: Freezing Cloud (safe; 1% risk of failure)
Confirm with . or Enter, or press ? or * to list all spells.
Aiming: Freezing Cloud (safe; 1% risk of failure)
Press: ? - help, Dir - move target cursor, p - Asterion Asterion is no longer moving quickly.
Asterion says, "My mother, she was a queen."
Asterion conjures a destructive force in the name of Makhleb!
The iron shot hits you!!!
You die...

,*....... ,,, , ***
#......### * ....N,, ,, **
##........ ***...* .#**
#........ *#.###.?# #........
#{)...#* #........ #{#####
#........ #{# #........
#.###################........
#.)..§.§§§H§@§§§...........##
#######§#########..........#
#.# #..........# #.#
#..........# #.#
#..........## #.#
#...<........ #.##
#.......####.
#..########....#######.
##.##.....######.....##


You could see Asterion.

Vanquished Creatures
  Bai Suzhen (Swamp:4)
  Vashnia (Snake:2)
  5 thorn hunters
  Donald (Snake:4)
  A nagaraja (Snake:2)
  Aizul (Snake:4)
  A dire elephant (Lair:6)
  A vault guard (D:13)
  Harold (D:11)
  19 hydras
  3 ghost crabs
  7 naga warriors
  A catoblepas (D:13)
  5 shambling mangroves
  5 anacondas
  A merfolk avatar (Lair:6)
  Erica (D:9)
  A death knight (D:14)
  12 two-headed ogres
  5 centaur warriors
  An ogre mage (D:15)
  11 alligators
  Urug (Lair:5)
  3 shock serpents
  6 spriggans
  15 naga sharpshooters
  4 salamander mystics
  A fire crab (Lair:4)
  A spriggan druid (Swamp:4)
  4 wizards
  8 swamp dragons
  A naga ritualist (Snake:1)
  Pikel (D:4)
  2 harpies (Lair:6)
  2 necromancers
  16 salamanders
  5 mana vipers
  2 orc sorcerers (D:15)
  3 manticores
  2 deep elf magi
  5 cyclopes
  13 ugly things
  Maurice (D:9)
  2 elephants (Lair:6)
  22 black mambas
  3 guardian serpents
  10 naga magi
  2 gargoyles
  A spiny frog (shapeshifter) (D:14)
  19 spiny frogs
  2 demonic crawlers (D:14)
  5 rime drakes (Lair:6)
  A yaktaur (D:13)
  6 komodo dragons
  2 tengu conjurers (D:14)
  A troll (D:12)
  19 hornets
  9 tyrant leeches
  A wind drake (Lair:6)
  4 polar bears
  4 blink frogs (Lair:5)
  9 bog bodies
  16 slime creatures
  7 dream sheep (Lair:4)
  A hippogriff (shapeshifter) (D:8)
  8 hippogriffs
  3 shadows
  46 yaks
  Eustachio (D:4)
  12 wyverns
  21 humans
  3 wraiths
  Grum (Lair:1)
  3 basilisks
  A basilisk (shapeshifter) (D:13)
  4 hogs (D:7)
  A hungry ghost (D:11)
  11 vampire mosquitoes
  Edmund (D:5)
  A soldier ant (D:12)
  13 swamp worms
  38 nagas
  4 insubstantial wisps (Swamp:2)
  2 acid dragons
  19 water moccasins
  2 sky beasts
  A hornet zombie (D:11)
  11 porcupines
  8 black bears
  6 orc warriors
  10 swamp drakes
  5 ice beasts
  An eye of draining (D:13)
  3 necrophages
  2 phantoms
  A slave (D:4)
  9 ogres
  9 wolves
  12 centaurs
  10 crocodiles
  3 big kobolds
  20 bullfrogs
  A gnoll sergeant (D:7)
  Dowan (D:6)
  A wyvern zombie (D:11)
  8 scorpions
  18 killer bees
  2 electric eels
  A centaur zombie (D:8)
  4 howler monkeys
  6 crimson imps
  A lava snake (Lair:6)
  A quasit (D:15)
  A bullfrog zombie (D:7)
  5 jellies
  12 orc priests
  7 hounds
  14 orc wizards
  Ijyb (D:3)
  2 bullfrog skeletons (D:13)
  3 centaur skeletons
  Terence (D:3)
  4 iguanas
  Natasha (twice) (D:2)
  3 polar bear simulacra (Lair:6)
  7 worker ants
  2 wolf simulacra (Lair:6)
  3 hound zombies
  4 hound skeletons
  A mummy (D:4)
  2 worker ant zombies
  Robin (D:2)
  A howler monkey zombie (D:7)
  11 adders
  23 gnolls
  A howler monkey skeleton (D:7)
  A river rat (D:5)
  5 shadow imps
  2 adder zombies
  3 adder skeletons
  4 worms
  A dart slug (D:5)
  5 leopard geckos
  55 orcs
  9 bats
  7 giant cockroaches
  14 hobgoblins
  7 jackals
  26 kobolds
  9 quokkas
  2 ball pythons
  4 frilled lizards
  10 goblins
  A jackal skeleton (D:4)
  A jackal zombie (D:6)
  2 kobold zombies (D:4)
  18 rats
  6 river rat simulacra (Lair:6)
  4 plants
984 creatures vanquished.

Vanquished Creatures (collateral kills)
  A nagaraja (Snake:3)
  Grinder (D:3)
  A yak (D:10)
  A naga (Lair:2)
  An orc warrior (D:10)
  Duvessa (D:6)
  A sky beast (Temple)
  A centaur (D:6)
  A bullfrog (Lair:3)
  Jessica (D:2)
  Natasha (D:2)
  An adder (D:7)
  A worm (D:3)
  A leopard gecko (D:2)
  4 orcs
  A bat (D:3)
  A giant cockroach (D:2)
  A quokka skeleton (D:6)
21 creatures vanquished.

Vanquished Creatures (others)
  An electric eel (Lair:3)
  2 gnolls (D:4)
  44 fungi
  32 plants
  6 toadstools (Swamp:1)
85 creatures vanquished.

Grand Total: 1090 creatures vanquished

Notes
Turn   | Place    | Note
-------+----------+-------------------------------------------
     0 | D:1      | esteth the Gnoll Wizard began the quest for the Orb.
     0 | D:1      | Reached XP level 1. HP: 13/13 MP: 8/8
    27 | D:1      | Reached XP level 2. HP: 11/19 MP: 0/10
   611 | D:1      | Reached XP level 3. HP: 15/25 MP: 11/11
   721 | D:1      | Learned a level 2 spell: Call Imp
   724 | D:1      | Learned a level 2 spell: Blink
   728 | D:1      | Learned a level 3 spell: Mephitic Cloud
   732 | D:1      | Learned a level 3 spell: Conjure Flame
  1228 | D:2      | Reached skill level 1 in Fighting
  1228 | D:2      | Reached skill level 1 in Short Blades
  1228 | D:2      | Reached skill level 1 in Long Blades
  1228 | D:2      | Reached skill level 1 in Axes
  1228 | D:2      | Reached skill level 1 in Maces & Flails
  1228 | D:2      | Reached skill level 1 in Polearms
  1228 | D:2      | Reached skill level 1 in Staves
  1228 | D:2      | Reached skill level 1 in Slings
  1228 | D:2      | Reached skill level 1 in Bows
  1228 | D:2      | Reached skill level 1 in Crossbows
  1228 | D:2      | Reached skill level 1 in Throwing
  1228 | D:2      | Reached skill level 1 in Armour
  1228 | D:2      | Reached skill level 1 in Shields
  1228 | D:2      | Reached skill level 1 in Unarmed Combat
  1228 | D:2      | Reached skill level 1 in Invocations
  1228 | D:2      | Reached skill level 1 in Evocations
  1228 | D:2      | Reached XP level 4. HP: 32/32 MP: 13/13
  1503 | D:2      | Noticed Natasha
  1513 | D:2      | Killed Natasha
  1513 | D:2      | Reached skill level 1 in Hexes
  1513 | D:2      | Reached skill level 1 in Charms
  1513 | D:2      | Reached skill level 1 in Necromancy
  1513 | D:2      | Reached skill level 1 in Transmutations
  1513 | D:2      | Reached skill level 1 in Fire Magic
  1513 | D:2      | Reached skill level 1 in Ice Magic
  1513 | D:2      | Reached skill level 1 in Air Magic
  1513 | D:2      | Reached skill level 1 in Earth Magic
  1513 | D:2      | Reached skill level 1 in Poison Magic
  1669 | D:2      | Noticed Robin
  1672 | D:2      | Reached XP level 5. HP: 37/37 MP: 12/14
  1677 | D:2      | Noticed Natasha
  1683 | D:2      | Killed Robin
  1725 | D:2      | HP: 1/37 [Natasha (10)]
  1731 | D:2      | Killed Natasha
  1760 | D:2      | Noticed Jessica
  1763 | D:2      | Killed Jessica
  1809 | D:2      | Noticed Natasha
  1811 | D:2      | Killed Natasha
  2274 | D:3      | Reached XP level 6. HP: 42/44 MP: 4/16
  2364 | D:3      | Noticed Grinder
  2366 | D:3      | Paralysed by Grinder for 3 turns
  2399 | D:3      | Killed Grinder
  2399 | D:3      | Reached skill level 5 in Dodging
  2824 | D:3      | Found a stormy altar of Qazlal.
  2850 | D:3      | Reached XP level 7. HP: 29/50 MP: 8/18
  2998 | D:3      | Noticed Terence
  3012 | D:3      | Killed Terence
  3278 | D:3      | Noticed Ijyb
  3293 | D:3      | Killed Ijyb
  4011 | D:4      | Reached skill level 5 in Stealth
  4268 | D:4      | Noticed Eustachio
  4283 | D:4      | Killed Eustachio
  4283 | D:4      | Reached XP level 8. HP: 44/57 MP: 12/19
  4450 | D:4      | Noticed Pikel
  4501 | D:4      | Killed Pikel
  4501 | D:4      | Reached skill level 8 in Spellcasting
  5239 | D:5      | Entered Level 5 of the Dungeon
  5302 | D:5      | Found Ysmellet's Antique Armour Shoppe.
  5311 | D:5      | Bought a heavily jewelled robe for 148 gold pieces
  5311 | D:5      | Identified the +2 robe "Rouruox" {rN+ MR+ Int-2} (You
                  | bought it in a shop on level 5 of the Dungeon)
  5355 | D:5      | Noticed Edmund
  5376 | D:5      | Killed Edmund
  5376 | D:5      | Reached XP level 9. HP: 56/65 MP: 17/21
  5486 | D:5      | Found Pojum's Assorted Antiques.
  5490 | D:5      | Found Gyekkyh's Antique Weapon Emporium.
  5692 | D:5      | Found a sacrificial altar of Ru.
  5729 | D:5      | Found Set Nues's Book Boutique.
  6068 | D:5      | Found Rimn's Distillery.
  6441 | D:6      | Found a staircase to the Ecumenical Temple.
  6503 | Temple   | Entered the Ecumenical Temple
  6577 | D:6      | Noticed Dowan
  6579 | D:6      | Noticed Duvessa
  6603 | D:6      | Killed Duvessa
  7542 | D:6      | Killed Dowan
  7749 | D:6      | Found an iron altar of Okawaru.
  8158 | D:7      | Reached skill level 5 in Invocations
  8580 | D:7      | Reached XP level 10. HP: 73/73 MP: 7/22
  9132 | D:7      | Reached skill level 5 in Fighting
  9132 | D:7      | Reached skill level 5 in Short Blades
  9132 | D:7      | Reached skill level 5 in Long Blades
  9132 | D:7      | Reached skill level 5 in Axes
  9132 | D:7      | Reached skill level 5 in Maces & Flails
  9132 | D:7      | Reached skill level 5 in Polearms
  9132 | D:7      | Reached skill level 5 in Staves
  9132 | D:7      | Reached skill level 5 in Slings
  9132 | D:7      | Reached skill level 5 in Bows
  9132 | D:7      | Reached skill level 5 in Crossbows
  9132 | D:7      | Reached skill level 5 in Throwing
  9132 | D:7      | Reached skill level 5 in Armour
  9132 | D:7      | Reached skill level 5 in Shields
  9132 | D:7      | Reached skill level 5 in Unarmed Combat
  9132 | D:7      | Reached skill level 5 in Evocations
  9473 | D:7      | Got a transparent lajatang
  9474 | D:7      | Identified the +2 lajatang of the Lurker {drain, Int+3
                  | Stlth+} (You found it on level 7 of the Dungeon)
  9486 | D:7      | Found a hide-covered altar of Uskayaw.
  9486 | D:7      | Found a shattered altar of Ashenzari.
  9490 | D:7      | Found a hazy altar of Hepliaklqana.
  9490 | D:7      | Found a deep blue altar of Sif Muna.
  9494 | D:7      | Became a worshipper of Ashenzari the Shackled
  9642 | D:8      | Noticed a two-headed ogre
  9659 | D:8      | Killed a two-headed ogre
  9659 | D:8      | Reached skill level 9 in Spellcasting
  9659 | D:8      | Reached skill level 5 in Conjurations
  9659 | D:8      | Reached skill level 5 in Summonings
  9659 | D:8      | Reached skill level 5 in Translocations
  9765 | D:8      | Found Ceuwysiw's Distillery.
  9849 | D:5      | Bought a scroll of remove curse for 78 gold pieces
  9849 | D:5      | Bought a scroll of remove curse for 78 gold pieces
 10311 | D:8      | Bought a potion of heal wounds for 60 gold pieces
 10328 | D:8      | Found a stormy altar of Qazlal.
 10328 | D:8      | Found an opulent altar of Gozag.
 10328 | D:8      | Found a sacrificial altar of Ru.
 10746 | D:8      | Noticed a two-headed ogre
 10773 | D:8      | Killed a two-headed ogre
 11050 | D:8      | Reached XP level 11. HP: 73/81 MP: 23/24
 11270 | D:8      | Noticed a two-headed ogre
 11309 | D:8      | Killed a two-headed ogre
 11380 | D:8      | Noticed a cyclops
 11387 | D:8      | Killed a cyclops
 11458 | D:8      | Identified the ring of Deno {rPois MR+ Int+3 Stlth+}
 11516 | D:8      | Got the cursed spear of Itia {pierce, Str+3}
 11536 | D:8      | Identified the amulet of Attitude {Spirit Int+4 SInv}
 11541 | D:8      | Reached skill level 5 in Hexes
 11541 | D:8      | Reached skill level 5 in Charms
 11541 | D:8      | Reached skill level 5 in Necromancy
 11541 | D:8      | Reached skill level 5 in Transmutations
 11541 | D:8      | Reached skill level 5 in Fire Magic
 11541 | D:8      | Reached skill level 5 in Ice Magic
 11541 | D:8      | Reached skill level 5 in Air Magic
 11541 | D:8      | Reached skill level 5 in Earth Magic
 11541 | D:8      | Reached skill level 5 in Poison Magic
 11662 | D:8      | Identified the ring of Ikopsur {*Corrode +Fly Str+3 Int+2}
 11669 | D:8      | Identified the ring "Daim" {Int+6 Stlth+}
 11992 | D:9      | Noticed Maurice
 12006 | D:9      | Killed Maurice
 12118 | D:9      | Noticed Erica
 12165 | D:9      | Killed Erica
 12514 | D:9      | Found an ancient bone altar of Kikubaaqudgha.
 12696 | D:10     | Entered Level 10 of the Dungeon
 12706 | D:10     | Reached * piety under Ashenzari
 12843 | D:10     | Found a staircase to the Lair.
 14230 | D:10     | Found Bizoplup's Armour Emporium.
 14232 | D:10     | Found a staircase to the Orcish Mines.
 14562 | D:10     | Identified the +7 scimitar "Hulorgh" {slice, rF+ rC+ Dex+3}
 14698 | D:10     | Identified the cursed +2 spear of Itia {pierce, Str+3} (You
                  | found it on level 8 of the Dungeon)
 14705 | D:10     | Noticed a red ugly thing
 14884 | Lair:1   | Entered Level 1 of the Lair of Beasts
 15026 | Lair:1   | Reached XP level 12. HP: 89/89 MP: 19/25
 15041 | Lair:1   | Noticed Grum
 15075 | Lair:1   | Killed Grum
 15305 | Lair:1   | Reached skill level 10 in Spellcasting
 15313 | Lair:1   | Found a gate leading to a gauntlet.
 15365 | Lair:1   | Reached ** piety under Ashenzari
 15503 | Lair:1   | Found a runed translucent gate.
 15503 | Lair:1   | Found a runed translucent gate.
 15504 | Lair:1   | Noticed a ten-headed hydra
 15506 | Lair:1   | Noticed Nattep's ghost (journeyman GnFi)
 15507 | Lair:1   | Noticed an 11-headed hydra
 15521 | Lair:1   | Noticed a seven-headed hydra
 16142 | Lair:2   | Found a staircase to the Snake Pit.
 16645 | D:5      | Bought a book of Geomancy for 385 gold pieces
 17240 | D:10     | Learned a level 1 spell: Sandblast
 17313 | Lair:1   | Killed a seven-headed hydra
 17480 | Lair:1   | Found a runed translucent gate.
 18499 | Lair:3   | Reached *** piety under Ashenzari
 18848 | Lair:3   | Found a staircase to the Swamp.
 19024 | Lair:3   | Found a runed translucent door.
 19026 | Lair:3   | Noticed aaeveom's ghost (journeyman MiBe)
 19067 | Lair:4   | Noticed an eight-headed hydra
 19114 | Lair:4   | Noticed a six-headed hydra
 19160 | Lair:3   | Killed a nine-headed hydra
 19589 | Lair:4   | Killed a six-headed hydra
 19589 | Lair:4   | Reached XP level 13. HP: 62/98 MP: 11/27
 19986 | Lair:4   | Learned a level 5 spell: Lee's Rapid Deconstruction
 20840 | Lair:5   | Found a staircase to the Slime Pits.
 20841 | Lair:5   | Found a viscous altar of Jiyva.
 20922 | Lair:5   | Reached **** piety under Ashenzari
 20977 | Lair:5   | Noticed Urug
 21396 | Lair:5   | Killed Urug
 21588 | Lair:5   | Identified a scroll of acquirement
 22227 | Lair:6   | Entered Level 6 of the Lair of Beasts
 22514 | Lair:6   | Reached skill level 11 in Spellcasting
 22638 | Lair:6   | Noticed a dire elephant
 22673 | Lair:6   | Killed a dire elephant
 23047 | Lair:6   | Reached XP level 14. HP: 79/106 MP: 29/29
 23492 | Lair:6   | Identified the ring "Jeczuunna" {rElec Dex+4 Stlth+}
 23495 | Lair:6   | Identified the cursed +0 great mace of Geifeah {protect,
                  | Dex+4}
 23495 | Lair:6   | Found the +2 Maxwell's thermic engine {flame, freeze}
 23533 | Lair:6   | Identified the Disquisition on Icy Boosts
 23653 | Lair:6   | Learned a level 4 spell: Throw Icicle
 23768 | Lair:6   | Reached skill level 10 in Dodging
 24461 | D:11     | Noticed Harold
 24530 | D:11     | Killed Harold
 24919 | D:12     | Reached skill level 10 in Stealth
 25472 | D:12     | Reached skill level 10 in Invocations
 26536 | D:13     | Found a gate to the Vaults.
 26842 | D:13     | Found Waovewn's Food Emporium.
 26972 | D:14     | Found a transporter.
 26975 | D:14     | Found a transporter.
 26986 | D:14     | Noticed ohad's ghost (novice OpTm)
 26996 | D:14     | Reached XP level 15. HP: 88/114 MP: 18/30
 27718 | D:14     | Learned a level 6 spell: Freezing Cloud
 27832 | D:14     | Reached ***** piety under Ashenzari
 28203 | D:15     | Entered Level 15 of the Dungeon
 28363 | D:15     | Reached skill level 12 in Spellcasting
 28477 | D:15     | Found a staircase to the Depths.
 28571 | D:15     | Reached skill level 10 in Fighting
 28571 | D:15     | Reached skill level 10 in Short Blades
 28571 | D:15     | Reached skill level 10 in Long Blades
 28571 | D:15     | Reached skill level 10 in Axes
 28571 | D:15     | Reached skill level 10 in Maces & Flails
 28571 | D:15     | Reached skill level 10 in Polearms
 28571 | D:15     | Reached skill level 10 in Staves
 28571 | D:15     | Reached skill level 10 in Slings
 28571 | D:15     | Reached skill level 10 in Bows
 28571 | D:15     | Reached skill level 10 in Crossbows
 28571 | D:15     | Reached skill level 10 in Throwing
 28571 | D:15     | Reached skill level 10 in Armour
 28571 | D:15     | Reached skill level 10 in Shields
 28571 | D:15     | Reached skill level 10 in Unarmed Combat
 28571 | D:15     | Reached skill level 10 in Evocations
 29226 | Snake:1  | Entered Level 1 of the Snake Pit
 29314 | Snake:1  | Learned a level 5 spell: Summon Mana Viper
 31087 | Snake:2  | Reached XP level 16. HP: 122/122 MP: 32/32
 31303 | Snake:2  | Noticed Vashnia
 31983 | Snake:2  | Killed Vashnia
 32717 | Snake:2  | Noticed a nagaraja
 32726 | Snake:2  | Killed a nagaraja
 33518 | Snake:3  | Noticed a nagaraja
 33530 | Snake:3  | Killed a nagaraja
 33978 | Snake:3  | Found a blossoming altar of Fedhas.
 34314 | Snake:3  | Reached ****** piety under Ashenzari
 34871 | Snake:4  | Entered Level 4 of the Snake Pit
 34905 | Snake:4  | Noticed Donald
 35358 | Snake:4  | Killed Donald
 35660 | Snake:4  | Noticed Aizul
 35674 | Snake:4  | Killed Aizul
 36285 | Snake:4  | Noticed Asterion
 36309 | Snake:4  | Reached XP level 17. HP: 131/131 MP: 33/33
 36498 | Swamp:1  | Entered Level 1 of the Swamp
 36822 | Swamp:1  | Identified Roxanne's Compendium of Clay
 36822 | Swamp:1  | Noticed Roxanne
 37208 | Swamp:1  | Reached skill level 13 in Spellcasting
 38565 | Swamp:2  | Reached skill level 10 in Conjurations
 38565 | Swamp:2  | Reached skill level 10 in Summonings
 38565 | Swamp:2  | Reached skill level 10 in Translocations
 38748 | Swamp:2  | Found a shimmering altar of Xom.
 39870 | Swamp:4  | Entered Level 4 of the Swamp
 40368 | Swamp:4  | Reached skill level 10 in Hexes
 40368 | Swamp:4  | Reached skill level 10 in Charms
 40368 | Swamp:4  | Reached skill level 10 in Necromancy
 40368 | Swamp:4  | Reached skill level 10 in Transmutations
 40368 | Swamp:4  | Reached skill level 10 in Fire Magic
 40368 | Swamp:4  | Reached skill level 10 in Ice Magic
 40368 | Swamp:4  | Reached skill level 10 in Air Magic
 40368 | Swamp:4  | Reached skill level 10 in Earth Magic
 40368 | Swamp:4  | Reached skill level 10 in Poison Magic
 40447 | Swamp:4  | Reached XP level 18. HP: 139/139 MP: 24/35
 40583 | Swamp:4  | Got a decaying rune of Zot
 40871 | Swamp:4  | Noticed Bai Suzhen
 40903 | Swamp:4  | Killed Bai Suzhen
 41749 | Snake:4  | Killed from afar by Asterion

Skill      XL: |  1  2  3  4  5  6  7  8  9 10 11 12 13 14 15 16 17 |
---------------+----------------------------------------------------+-----
Conjurations   | 2 3 4 5 6 7 8 9 10 | 10.4
Summonings     | 2 3 4 5 6 7 8 9 10 | 10.4
Translocations | 2 3 4 5 6 7 8 9 10 | 10.4
Fighting       | 1 2 3 4 5 6 7 8 9 10 11 | 11.8
Short Blades   | 1 2 3 4 5 6 7 8 9 10 11 | 11.8
Long Blades    | 1 2 3 4 5 6 7 8 9 10 11 | 11.8
Axes           | 1 2 3 4 5 6 7 8 9 10 11 | 11.8
Maces & Flails | 1 2 3 4 5 6 7 8 9 10 11 | 11.8
Polearms       | 1 2 3 4 5 6 7 8 9 10 11 | 11.8
Staves         | 1 2 3 4 5 6 7 8 9 10 11 | 11.8
Slings         | 1 2 3 4 5 6 7 8 9 10 11 | 11.8
Bows           | 1 2 3 4 5 6 7 8 9 10 11 | 11.8
Crossbows      | 1 2 3 4 5 6 7 8 9 10 11 | 11.8
Throwing       | 1 2 3 4 5 6 7 8 9 10 11 | 11.8
Armour         | 1 2 3 4 5 6 7 8 9 10 11 | 11.8
Shields        | 1 2 3 4 5 6 7 8 9 10 11 | 11.8
Unarmed Combat | 1 2 3 4 5 6 7 8 9 10 11 | 11.8
Invocations    | 1 2 3 4 5 6 7 8 9 10 11 12 | 12.8
Evocations     | 1 2 3 4 5 6 7 8 9 10 11 | 11.8
Hexes          | 1 2 3 4 5 6 7 8 9 10 | 10.1
Charms         | 1 2 3 4 5 6 7 8 9 10 | 10.1
Necromancy     | 1 2 3 4 5 6 7 8 9 10 | 10.1
Transmutations | 1 2 3 4 5 6 7 8 9 10 | 10.1
Fire Magic     | 1 2 3 4 5 6 7 8 9 10 | 10.1
Ice Magic      | 1 2 3 4 5 6 7 8 9 10 | 10.1
Air Magic      | 1 2 3 4 5 6 7 8 9 10 | 10.1
Earth Magic    | 1 2 3 4 5 6 7 8 9 10 | 10.1
Poison Magic   | 1 2 3 4 5 6 7 8 9 10 | 10.1
Dodging        | 5 6 7 8 9 10 11 12 | 12.6
Stealth        | 5 6 7 8 9 10 11 12 | 12.5
Spellcasting   | 8 9 10 11 12 13 | 13.5

Action                   |  1- 3 |  4- 6 |  7- 9 | 10-12 | 13-15 | 16-18 || total
-------------------------+-------+-------+-------+-------+-------+-------++-------
Melee: Unarmed           |    16 |       |       |       |       |       ||    16
       Whip              |    37 |    29 |       |       |       |       ||    66
       Bite              |     3 |     3 |    16 |    75 |   118 |    86 ||   301
       Trident           |       |       |   170 |   425 |       |       ||   595
       Scimitar          |       |       |       |   194 |   120 |       ||   314
       Double sword      |       |       |       |       |   888 |   840 ||  1728
 Cast: Magic Dart        |    40 |   136 |   436 |   394 |    29 |    17 ||  1052
       Call Imp          |       |    13 |    17 |    29 |       |       ||    59
       Mephitic Cloud    |       |     7 |    51 |    69 |    76 |     1 ||   204
       Conjure Flame     |       |       |     4 |    26 |     4 |       ||    34
       Blink             |       |       |     1 |    18 |     6 |       ||    25
       Sandblast         |       |       |       |    10 |    11 |       ||    21
       Lee's Rapid Decon |       |       |       |       |     6 |       ||     6
       Throw Icicle      |       |       |       |       |    17 |     4 ||    21
       Freezing Cloud    |       |       |       |       |    15 |    79 ||    94
       Summon Mana Viper |       |       |       |       |       |     3 ||     3
Invok: Curse Item        |       |       |       |     4 |     1 |       ||     5
  Use: Scroll            |       |     2 |     4 |     2 |    29 |     3 ||    40
       Potion            |       |     2 |     1 |     2 |     2 |     7 ||    14
 Stab: Sleeping          |     3 |       |     3 |    12 |    25 |    22 ||    65
       Confused          |       |       |     3 |    32 |    73 |       ||   108
       Distracted        |       |       |       |     3 |     2 |     2 ||     7
  Eat: Chunk             |     1 |     5 |    14 |    19 |    21 |    21 ||    81
       Ration            |       |       |     1 |     5 |     7 |     6 ||    19
Armor: Robe              |     9 |    10 |    50 |   107 |     7 |       ||   183
       Ring mail         |       |       |       |       |    78 |       ||    78
       Acid dragon scale |       |       |       |       |   145 |   223 ||   368
Dodge: Dodged            |    58 |    61 |   203 |   464 |   628 |   434 ||  1848
Block: Buckler           |       |       |    36 |   250 |   402 |   344 ||  1032
       Rpst.: Scimitar   |       |       |       |    42 |    12 |       ||    54
       Double sword      |       |       |       |       |   138 |    82 ||   220
